Construct Section Command Post
Selects Air and Sea Battlegroup
Selects Air and Sea Battlegroup
Selects Air and Sea Battlegroup
Construct Field Infirmary
Construct Platoon Command Post
Unlock M3 Stuart Light Tanks
Selects Commando Section Paradrop
Commando Section Paradrop
Construct Field Infirmary
Selects Commando LMG Section Paradrop
Commando Section Paradrop
Selects Centaur Medium Tank
Construct Company Command Post
Selects Naval Bombardment
Commando LMG Section Paradrop